 Dungeon Crawl Stone Soup version 0.27-a0-1290-g15d3ce7508 (webtiles) character file.

Game seed: 10531454898702754925

315 syranez the Skirmisher (level 6, -10/51 HPs)
             Began as a Ghoul Artificer on May 19, 2021.
             Was a Believer of Fedhas.
             Mangled by a wight (16 damage)
             ... on level 4 of the Dungeon on June 15, 2021.
             The game lasted 00:14:40 (4511 turns).

syranez the Skirmisher (Ghoul Artificer)            Turns: 4511, Time: 00:14:40

Health: -10/51     AC:  8    Str: 17    XL:     6   Next: 44%
Magic:  6/6        EV:  9    Int:  7    God:    Fedhas [**....]
Gold:   172        SH:  0    Dex:  9    Spells: 5/5 levels left

rFire    . . .     SeeInvis .     - Unarmed
rCold    + + .     Faith    .   (no shield)
rNeg     + + +     Spirit   .   q - +0 scale mail
rPois    ∞         Reflect  .   (no helmet)
rElec    .         Harm     .   (no cloak)
rCorr    .         Rampage  .   h - +0 pair of gloves
Will     .....                  (no boots)
Stlth    ..........             (no amulet)
HPRegen  0.00/turn              w - ring of protection from cold
MPRegen  0.10/turn              (no ring)

@: no status effects
A: claws 1, cold resistance 1, negative energy resistance 3, inhibited
regeneration, torment resistance 2
a: Renounce Religion, Wall of Briars


You were on level 4 of the Dungeon.
You worshipped Fedhas.
Fedhas was pleased with you.
You visited 1 branch of the dungeon, and saw 5 of its levels.

You collected 172 gold pieces.

Inventory:

Hand Weapons
 a - a +0 club
 m - a +0 spear
 o - a +0 battleaxe
 u - a +0 rapier
Missiles
 k - 100 stones
 r - 31 poisoned darts
Armour
 b - a +0 leather armour
 h - a +0 pair of gloves (worn)
 i - a +0 plate armour
 q - a +0 scale mail (worn)
Jewellery
 v - a ring of wizardry
 w - a ring of protection from cold (left hand)
 x - an amulet of guardian spirit
Wands
 c - a wand of flame (2) (quivered)
 d - a wand of charming (12)
 y - a wand of acid (5)
Potions
 f - a potion of mutation {unknown}
 g - a potion of magic
 p - a potion of lignification
 s - a potion of flight
Miscellaneous
 e - a piece from Xom's chessboard (13/15)


   Skills:
 + Level 3.4 Fighting
 + Level 3.2 Armour
 - Level 1.0 Dodging
 - Level 2.0 Stealth
 + Level 3.1 Unarmed Combat
 + Level 2.3 Invocations
 - Level 3.0 Evocations


You had 5 spell levels left.
You didn't know any spells.
Your spell library was empty.

Dungeon Overview and Level Annotations

Branches:
Dungeon (5/15)
 Temple: D:4-7

Altars:
Fedhas
Xom

Shops:
D:1 :


Innate Abilities, Weirdness & Mutations

You thrive by killing the living.
You are immune to poison.
You have sharp fingernails.
Your flesh is cold resistant. (rC+)
You are immune to negative energy. (rN+++)
You do not regenerate when monsters are visible.
You are immune to unholy pain and torment.


Message History

The jackal barks!
The orc shouts!
Found 24 stones.
A hobgoblin comes into view.
Found 4 boomerangs and a golden potion.
You hit the jackal.
You kill the jackal!
Fedhas appreciates your contribution to the ecosystem.
A wight comes into view. It is wielding a +5 great sword.
You make a move on Xom's chessboard...
The wight is outlined in light.
Throw: 102 stones
Press: ? - help, Shift-Dir - straight line, f - wight
Aim: a wight, wielding a +5 great sword and wearing a +0 robe (softly glowing, 75% to hit)
You throw a stone.
The stone hits the wight but does no damage.
Throw: 101 stones
Press: ? - help, Shift-Dir - straight line, f/p - wight
Aim: a wight, wielding a +5 great sword and wearing a +0 robe (softly glowing, 75% to hit)
You throw a stone.
The stone hits the wight but does no damage.
The wight barely misses you.
You barely miss the wight. You hit the wight.
The wight is lightly damaged.
The wight hits you with a +5 great sword!
You barely miss the wight.
The wight is lightly damaged.
The wight hits you with a +5 great sword!
You hit the wight but do no damage.
The wight is lightly damaged.
The wight hits you with a +5 great sword!
You hit the wight.
The wight is moderately damaged.
The wight hits you with a +5 great sword!
* * * LOW HITPOINT WARNING * * *
You hit the wight.
The wight is heavily damaged.
The wight stops glowing.
The wight hits you with a +5 great sword!
You die...
Fedhas appreciates your contribution to the ecosystem.

#...............#.#.###.###..##
#..........####'#...# #........
######....#....###############
####.#.88.###....##
#.#.88)#..####.# #.#....'..#
#.# #.######### #.#
##....####.# #@####....## #z#
###### #(# #o(# #(# #(!# ##.
.### . g # ##


You could see a wight.

Vanquished Creatures
  A scorpion (D:4)
  A centaur zombie (D:4)
  A bullfrog skeleton (D:4)
  A howler monkey skeleton (D:4)
  3 adders (D:2)
  A dart slug (D:2)
  An orc (D:2)
  3 bats
  5 endoplasms
  2 giant cockroaches
  2 goblins
  3 hobgoblins
  A jackal (D:4)
  3 kobolds
  5 quokkas
  4 ball pythons
  2 frilled lizards
  10 rats
49 creatures vanquished.

Vanquished Creatures (collateral kills)
  An ogre (D:4)
  A bullfrog (D:4)
  A scorpion (D:4)
  A hound (D:4)
  An orc (D:4)
  A hobgoblin (D:4)
6 creatures vanquished.

Grand Total: 55 creatures vanquished

Notes
Turn   | Place    | Note
-------+----------+-------------------------------------------
     0 | D:1      | syranez the Ghoul Artificer began the quest for the Orb.
     0 | D:1      | Reached XP level 1. HP: 16/16 MP: 0/0
     2 | D:1      | Noticed a minotaur
     2 | D:1      | Noticed a troll
     4 | D:1      | Noticed a ghoul
     4 | D:1      | Noticed a demigod
     6 | D:1      | Noticed a felid
     6 | D:1      | Noticed a barachi
     8 | D:1      | Noticed a human
     8 | D:1      | Noticed a formicid
    10 | D:1      | Noticed a dwarf
    12 | D:1      | Noticed an elf
    12 | D:1      | Noticed a vine stalker
    18 | D:1      | Noticed a naga
    18 | D:1      | Noticed a tengu
    20 | D:1      | Noticed a centaur
    20 | D:1      | Noticed a vampire
    22 | D:1      | Noticed a spriggan
    22 | D:1      | Noticed a palentonga
    24 | D:1      | Noticed a draconian
    24 | D:1      | Noticed a demonspawn
    26 | D:1      | Noticed an octopode
    26 | D:1      | Noticed a gargoyle
    30 | D:1      | Noticed a merfolk
    30 | D:1      | Noticed an ogre
   325 | D:1      | Reached skill level 1 in Dodging
   404 | D:1      | Found a faded altar of an unknown god.
   411 | D:1      | Became a worshipper of Fedhas Madash
   411 | D:1      | Reached * piety under Fedhas
   416 | D:1      | Found Kumimn's Book Emporium.
   674 | D:1      | Reached XP level 2. HP: 23/23 MP: 1/1
  1044 | D:1      | Reached skill level 2 in Armour
  1245 | D:1      | Upgraded the game from 0.27-a0-1185-ga233589e6f to
                  | 0.27-a0-1290-g15d3ce7508
  1376 | D:2      | Reached skill level 1 in Unarmed Combat
  1376 | D:2      | Reached skill level 3 in Evocations
  1376 | D:2      | Reached XP level 3. HP: 11/28 MP: 2/2
  2026 | D:2      | Reached skill level 2 in Stealth
  2079 | D:2      | Reached ** piety under Fedhas
  2180 | D:2      | Reached skill level 2 in Fighting
  2231 | D:2      | Reached XP level 4. HP: 30/36 MP: 3/3
  3720 | D:4      | Found a shimmering altar of Xom.
  3823 | D:4      | Noticed a bullfrog
  3827 | D:4      | Killed a bullfrog
  3828 | D:4      | Reached skill level 2 in Unarmed Combat
  3831 | D:4      | Noticed a scorpion
  3858 | D:4      | Noticed a scorpion
  3890 | D:4      | Killed a scorpion
  3891 | D:4      | Reached skill level 1 in Invocations
  3891 | D:4      | Reached XP level 5. HP: 23/42 MP: 2/5
  4095 | D:4      | Reached skill level 3 in Fighting
  4095 | D:4      | Reached skill level 3 in Armour
  4188 | D:4      | Reached skill level 2 in Invocations
  4188 | D:4      | Reached XP level 6. HP: 41/51 MP: 6/6
  4301 | D:5      | Entered Level 5 of the Dungeon
  4319 | D:5      | HP: 2/51 [orc (4)]
  4449 | D:4      | Reached skill level 3 in Unarmed Combat
  4511 | D:4      | Mangled by a wight

Illustrated notes

Levels and vault maps discovered:
D:1:      kb_arrival_jail, layout_rooms, ebering_ecumenical_altar_hall,
          serial_shops, shop, dk_noncrumbling_2, minmay_indecisive_spiral
D:2:      minmay_wonky_spiral, layout_loops_cross
D:3:      minmay_evil_eye, layout_loops_ring
D:4:      minmay_chambers_of_fours, layout_basic, old_standard_altar,
          minmay_temple_entry_trees, minmay_quantized
D:5:      layout_cave_pods, tso_oasis_becter, nemelex_dance_club_becter,
          serial_shops, kennysheep_little_box, nicolae_shop_window_shopping,
          nicolae_shop_crystal, shop, ebering_ghost_sewer_f

Skill      XL: |  1  2  3  4  5  6 |
---------------+-------------------+-----
Dodging        | 1 |  1.0
Armour         | 2 3 |  3.2
Unarmed Combat | 1 2 3 |  3.1
Evocations     | 3 |  3.0
Stealth        | 2 |  2.0
Fighting       | 2 3 |  3.4
Invocations    | 1 2 |  2.3

Action                   |  1- 3 |  4- 6 || total
-------------------------+-------+-------++-------
Melee: Club              |    21 |       ||    21
       Spear             |    68 |       ||    68
       Unarmed           |    84 |   121 ||   205
Throw: Stone             |     6 |     2 ||     8
       Dart              |     1 |     3 ||     4
Invok: Wall of Briars    |       |     4 ||     4
Evoke: Wand              |     8 |     8 ||    16
       Piece from Xom's  |       |     4 ||     4
  Use: Scroll            |       |     9 ||     9
       Potion            |       |     2 ||     2
 Stab: Sleeping          |     4 |       ||     4
Armor: Leather armour    |    33 |       ||    33
       Scale mail        |    18 |    59 ||    77
Dodge: Dodged            |    84 |    75 ||   159

Table legend: (Time is in decaauts)
 A = Elapsed time spent in this place.
 B = Non-inter-level travel time spent in this place.
 C = Inter-level travel time spent in this place.
 D = Time resting spent in this place.
 E = Time spent auto-exploring this place.
 F = Levels seen in this place.
 G = Mean time per level.
                   A        B        C        D        E       F      G
               +--------+--------+--------+--------+--------+-----+--------+
         Total |   4520 |   4351 |    169 |   1160 |   2227 |   5 |  904.0 |
       Dungeon |   4520 |   4351 |    169 |   1160 |   2227 |   5 |  904.0 |
               +--------+--------+--------+--------+--------+-----+--------+

Top non-repeatable levels by time:
     D:2: 1615 daAuts
     D:1: 1284 daAuts
     D:3: 830 daAuts
     D:4: 771 daAuts
     D:5: 18 daAuts
